 Dungeon Crawl Stone Soup version 0.28.0 (webtiles) character file.

Game seed: 18223802823079453637

58 eskoe the Skirmisher (level 3, -1/34 HPs)
             Began as a Minotaur Berserker on Feb 11, 2022.
             Was a Believer of Trog.
             Slain by a gnoll (13 damage)
             ... on level 2 of the Dungeon.
             The game lasted 00:03:10 (1956 turns).

eskoe the Skirmisher (Minotaur Berserker)           Turns: 1956, Time: 00:03:10

Health: -1/34      AC:  2    Str: 23    XL:     3   Next: 76%
Magic:  2/2        EV: 12    Int:  4    God:    Trog [**....]
Gold:   87         SH:  0    Dex:  9    Spells: 2/2 levels left

rFire   . . .      SeeInvis .   a - +0 hand axe
rCold   . . .      Faith    .   (no shield)
rNeg    . . .      Spirit   .   b - +0 animal skin
rPois   .          Reflect  .   (helmet restricted)
rElec   .          Harm     .   (no cloak)
rCorr   .          Rampage  .   (no gloves)
Will    .....                   (no boots)
Stlth   +.........              (no amulet)
HPRegen 0.11/turn               (no ring)
MPRegen 0.08/turn               (no ring)

@: no status effects
A: horns 2, retaliatory headbutt
a: Renounce Religion, Berserk, Trog's Hand


You were on level 2 of the Dungeon.
You worshipped Trog.
Trog was pleased with you.
You visited 1 branch of the dungeon, and saw 2 of its levels.

You collected 87 gold pieces.

Inventory:

Hand Weapons
 a - a +0 hand axe (weapon)
Armour
 b - a +0 animal skin (worn)
Scrolls
 c - a scroll of amnesia {unknown}
 d - 2 scrolls of identify {unknown}
 e - a scroll of teleportation {unknown}
 f - a scroll of enchant weapon {unknown}
 g - a scroll of enchant armour {unknown}
 h - a scroll of blinking {unknown}
Potions
 i - a potion of flight {unknown}


   Skills:
 + Level 4.5 Fighting
 + Level 4.5 Axes
 + Level 2.6 Armour
 + Level 2.5 Dodging
 + Level 0.3 Stealth


You had 2 spell levels left.
You didn't know any spells.
Your spell library was empty.

Dungeon Overview and Level Annotations

Branches:
Dungeon (2/15)

Altars:


Innate Abilities, Weirdness & Mutations

You have a pair of horns on your head.
You reflexively headbutt those who attack you in melee.


Message History

You kill the quokka!
Trog accepts your kill.
You can now call upon Trog for regeneration and willpower.
You see here 15 stones.
A goblin comes into view. It is wielding a +0 club.
The goblin shouts!
You closely miss the goblin. The goblin hits you with a +0 club.
You hit the goblin.
You kill the goblin!
Trog accepts your kill.
You now have 87 gold pieces (gained 4).
Things that are here:
a +0 club; 18 stones A gnoll comes into view.
It is wielding a +2 spear of freezing.
A gnoll comes into view. It is wielding a +0 flail.
Found an orange potion.
The gnoll shouts!
A gnoll comes into view. It is wielding a +0 halberd.
The gnoll throws a throwing net.
The throwing net hits you.
You become entangled in the net!
You see here a throwing net.
You struggle against the net.
A gnoll comes into view. It is wielding a +0 halberd.
You tear a large gash into the net.
The gnoll shouts!
The gnoll completely misses you.
The gnoll hits you from afar with a +2 spear of freezing.
The gnoll freezes you.
You rip the net and break free!
The gnoll hits you with a +0 flail.
The gnoll hits you from afar with a +2 spear of freezing.
The gnoll freezes you.
You slash the gnoll!
The gnoll is heavily wounded.
The gnoll hits you with a +0 flail.
The gnoll hits you from afar with a +2 spear of freezing.
The gnoll freezes you.
You closely miss the gnoll. Your headbutt misses the gnoll.
The gnoll is heavily wounded.
The gnoll hits you with a +0 flail!
You die...

..## #.# #.##.# # ...# #.#
#.##.#.##### #..### ###
#.##.#...... #....# #..
..##.####### ##.#.# #g#
#.# ## #.#.# #g# #####.#
#. #.#.# #g# #.....# #.
#.#†# #g# #.##### #.
##.#.######.# #@# #.# #.
............# #.# #.# #.
...#.######## #.# #.# #.
.###.# #.# #.# #.
#.###########.####.# #.
#................#.#######
#.
#############.#...#.##...#
#. #......#.##.<...####.
#.##.#...#...........


You could see 4 gnolls.

Vanquished Creatures
  An adder (D:2)
  2 worms (D:2)
  2 dart slugs
  3 ball pythons
  2 bats (D:2)
  2 endoplasms
  2 giant cockroaches
  4 goblins
  4 hobgoblins
  4 jackals (D:1)
  A quokka (D:2)
  6 frilled lizards
  A kobold (D:1)
  3 rats (D:1)
37 creatures vanquished.

Vanquished Creatures (others)
  A fungus (D:1)
1 creature vanquished.

Grand Total: 38 creatures vanquished

Notes
Turn   | Place    | Note
-------+----------+-------------------------------------------
     0 | D:1      | eskoe the Minotaur Berserker began the quest for the Orb.
     0 | D:1      | Reached XP level 1. HP: 19/19 MP: 0/0
    82 | D:1      | Reached XP level 2. HP: 27/27 MP: 1/1
   345 | D:1      | Found a faded altar of an unknown god.
  1052 | D:2      | Reached XP level 3. HP: 19/33 MP: 2/2
  1394 | D:2      | Reached ** piety under Trog
  1956 | D:2      | Slain by a gnoll

Illustrated notes

Levels and vault maps discovered:
D:1:      dpeg_chamrin_arrival_tetris, layout_loops_ring,
          dreamdust_ecumenical_altar_grove, minivault_27
D:2:      layout_loops_ring

Skill      XL: |  1  2 |
---------------+-------+-----
Axes           | 4 |  4.5
Fighting       | 4 |  4.5
Armour         | |  2.6
Dodging        | |  2.5
Stealth        | |  0.3

Action                   || total
-------------------------++-------
Melee: Hand axe          ||    85
       Headbutt          ||    12
       Punch             ||     1
 Stab: Sleeping          ||     1
Armor: Animal skin       ||    10
Dodge: Dodged            ||    45
